 Dungeon Sprint DCSS version 0.30.1-11-g7821555f0a (webtiles) character file.

Game seed: 3694132649888748030

19475 Groucho the Peltast (level 13, -13/116 HPs)
             Began as a Formicid Fighter on Jan 3, 2024.
             Was a High Priest of Cheibriados.
             Mangled by a frost giant
             ... wielding a +1 battleaxe of freezing
              (25 damage)
             ... in the Dungeon (Sprint IX: "|||||||||||||||||||||||||||||").
             The game lasted 00:10:14 (2975 turns).

Groucho the Peltast (Formicid Fighter)              Turns: 2975, Time: 00:10:14

Health: -13/116    AC: 23    Str: 35    XL:     13   Next: 4%
Magic:  10/25      EV: 16    Int: 24    God:    Cheibriados [*****.]
Gold:   1290       SH: 11    Dex: 33    Spells: 12/12 levels left

rFire   . . .        a - +2 demon whip (vamp)
rCold   . . .        c - +0 buckler
rNeg    + . .        x - +1 plate armour {rN+}
rPois   .            (helmet unavailable)
rElec   .            b - +0 cloak
rCorr   .            n - +0 pair of gloves
SInv    +            u - +0 pair of boots
Will    +....        (no amulet) Stlth
                     p - +3 ring of dexterity
HPRegen 0.39/turn    q - +3 ring of intelligence
MPRegen 0.19/turn

%: no passive effects
@: very slow
A: permanent stasis, dig shafts and tunnels, antennae 3, four strong arms
a: Dig, Renounce Religion, Bend Time, Temporal Distortion, Slouch, Step From
Time


You were in the Dungeon.
You worshipped Cheibriados.
Cheibriados was extremely pleased with you.
You visited 1 branch You collected 1910 gold pieces.
You spent 620 gold pieces at shops.

Inventory:

Hand Weapons
 a - a +2 vampiric demon whip (weapon)
 m - a +0 triple crossbow
Missiles
 w - 4 throwing nets
Armour
 b - a +0 cloak (worn)
 c - a +0 buckler (worn)
 n - a +0 pair of gloves (worn)
 u - a +0 pair of boots (worn)
 x - a +1 plate armour of positive energy (worn)
Jewellery
 d - a ring of ice
 i - a ring of protection from fire
 j - a ring of flight
 p - a +3 ring of dexterity (left hand)
 q - a +3 ring of intelligence (right hand)
 y - a ring of fire
 D - a ring of protection from cold
Wands
 l - a wand of roots (10)
 v - a wand of polymorph (7)
Scrolls
 h - 2 scrolls of blinking
 k - 2 scrolls of amnesia
 r - 4 scrolls of enchant armour
 s - 8 scrolls of enchant weapon
 t - 5 scrolls of identify
Potions
 e - 3 potions of brilliance
 f - 5 potions of curing
 g - 3 potions of magic
 z - 2 potions of lignification
 B - 2 potions of resistance
 C - a potion of mutation
 E - a potion of flight
 F - a potion of invisibility


   Skills:
 + Level 15.6 Fighting
 + Level 14.2 Maces & Flails
 + Level 5.5 Ranged Weapons
 + Level 15.6 Armour
 + Level 7.5 Dodging
 + Level 18.3 Shields
 + Level 16.5 Invocations


You had 12 spell levels left.
You didn't know any spells.
Your spell library was empty.

Dungeon Overview and Level Annotations

Branches:
Dungeon (1/1)

Altars:
Cheibriados
Dithmenos
Elyvilon
Fedhas
Gozag
Hepliaklqana
Kikubaaqudgha
Makhleb
Nemelex Xobeh
Okawaru
Qazlal
Ru
Sif Muna
Trog
Uskayaw
Vehumet
Wu Jian
Xom
Yredelemnul
Zin
The Shining One
Jiyva
Lugonu

Shops:
D !:*!


Innate Abilities, Weirdness & Mutations

You cannot be hasted, slowed, berserked, paralysed or teleported.
You can dig through walls and to a lower floor.
You have a pair of large antennae on your head. (SInv)
Your four strong arms can wield two-handed weapons with a shield.


Message History

The frost giant is lightly wounded.
You hit the frost giant but do no damage.
The frost giant is lightly wounded.
The frost giant casts a spell at you. The bolt of cold misses you.
You hit the frost giant but do no damage.
The frost giant is lightly wounded.
You thrash the frost giant!!
The frost giant is moderately wounded.
The frost giant hits you with a +1 battleaxe of freezing!!
The frost giant freezes you.
You thrash the frost giant!!
You feel better.
The frost giant is heavily wounded.
Activating: Slouch (0% risk of failure)
Press: ? - help, Dir - look around, f - activate You can feel time thicken for a moment.
Cheibriados lowers the support of your attributes as your movement quickens.
You block the frost giant's attack.
Unknown command.
Unknown command.
You whack the frost giant!
You feel better.
The frost giant is almost dead.
The frost giant gestures at you while chanting.
The bolt of cold hits you!!
Unknown command.
Unknown command.
You completely miss the frost giant.
The frost giant is almost dead.
Unknown command.
Unknown command.
You hit the frost giant but do no damage.
The frost giant is almost dead.
The frost giant hits you with a +1 battleaxe of freezing!!
* * * LOW HITPOINT WARNING * * *
The frost giant freezes you!
* * * LOW HITPOINT WARNING * * *
Unknown command.
You feel better.
The frost giant hits you with a +1 battleaxe of freezing!!
You die... {{{{{{{{{ {{{{{{{{{ {{{{

{ ▓▓▓▓▓▓▓▓▓▓▓▓▓▓▓▓▓▓▓▓▓▓▓
+....C@..[.[(([)).)....
▓▓▓▓▓▓▓▓▓▓▓▓▓▓▓▓▓▓▓▓▓▓▓▓▓▓▓▓▓▓▓▓▓
▓................................
▓.▓▓▓▓▓▓▓▓▓▓▓▓▓▓▓▓▓▓▓▓▓▓▓▓▓▓▓▓▓▓▓
▓.........'.....∩)∩.∩)∩!.))))....
▓▓▓▓▓▓▓▓▓▓▓▓▓▓▓▓▓▓▓▓▓▓▓▓▓▓▓▓▓▓▓▓▓
▓).....................).........
▓.▓▓▓▓▓▓▓▓▓▓▓▓▓▓▓▓▓▓▓▓▓▓▓▓▓▓▓▓▓▓▓
▓....'...[.[..'[[(......††.'.....


You could see a frost giant.

Vanquished Creatures
  A stone giant (D)
  An ice dragon (D)
  A rakshasa (D)
  Harold (D)
  A deep troll earth mage (D)
  2 orc high priests (D)
  10 orc knights (D)
  An ugly thing (D)
  3 deep elf pyromancers (D)
  An orc sorcerer (D)
  3 cyclopes (D)
  2 black mambas (D)
  An elephant (D)
  A rime drake (D)
  2 cane toads (D)
  A tengu conjurer (D)
  2 trolls (D)
  A tarantella (shapeshifter) (D)
  A slime creature (D)
  A blink frog (D)
  A wraith (D)
  3 wyverns (D)
  A basilisk (D)
  Eustachio (D)
  2 yaks (D)
  A vampire mosquito (D)
  3 wargs (D)
  An acid dragon (D)
  A hell hound (D)
  6 water moccasins (D)
  11 orc warriors (D)
  A centaur (D)
  4 wolves (D)
  A bullfrog (D)
  A killer bee (D)
  A gnoll bouda (D)
  2 orc priests (D)
  3 orc wizards (D)
  A shadow imp (D)
  13 orcs (D)
  A bat (D)
  An endoplasm (D)
  A goblin (D)
  A kobold (D)
  A rat (D)
100 creatures vanquished.

Vanquished Creatures (others)
  A deep troll shaman (D)
  A vampire (D)
2 creatures vanquished.

Grand Total: 102 creatures vanquished

Notes
Turn   | Place    | Note
-------+----------+-------------------------------------------
     0 | D        | Groucho the Formicid Fighter began the quest for the Orb.
     0 | D        | Reached XP level 1. HP: 18/18 MP: 1/1
    13 | D        | Reached skill level 1 in Invocations
    42 | D        | Noticed a gnoll bouda
    42 | D        | Noticed an orc wizard
    52 | D        | Reached XP level 2. HP: 25/25 MP: 3/3
    62 | D        | Reached skill level 5 in Shields
    62 | D        | Reached XP level 3. HP: 24/31 MP: 3/5
    77 | D        | Reached skill level 5 in Fighting
    77 | D        | Reached skill level 5 in Armour
    77 | D        | Reached skill level 6 in Shields
    77 | D        | Reached XP level 4. HP: 27/39 MP: 4/6
    88 | D        | Found a snail-covered altar of Cheibriados.
    88 | D        | Found a shadowy altar of Dithmenos.
    88 | D        | Found a white marble altar of Elyvilon.
    88 | D        | Found a blossoming altar of Fedhas.
    88 | D        | Found an opulent altar of Gozag.
    89 | D        | Found a hazy altar of Hepliaklqana.
    90 | D        | Found a viscous altar of Jiyva.
    91 | D        | Found an ancient bone altar of Kikubaaqudgha.
    92 | D        | Became a worshipper of Cheibriados the Contemplative
    93 | D        | Found a corrupted altar of Lugonu.
    94 | D        | Found a burning altar of Makhleb.
    95 | D        | Found a sparkling altar of Nemelex Xobeh.
    96 | D        | Found an iron altar of Okawaru.
    97 | D        | Found a stormy altar of Qazlal.
    98 | D        | Found a sacrificial altar of Ru.
    99 | D        | Found a shimmering blue altar of Sif Muna.
   100 | D        | Found a bloodstained altar of Trog.
   101 | D        | Found a hide-covered altar of Uskayaw.
   102 | D        | Found a radiant altar of Vehumet.
   103 | D        | Found an ornate altar of the Wu Jian Council.
   104 | D        | Found a shimmering altar of Xom.
   105 | D        | Found a basalt altar of Yredelemnul.
   106 | D        | Found a glowing silver altar of Zin.
   107 | D        | Found a glowing golden altar of the Shining One.
   155 | D        | Noticed a yak
   155 | D        | Noticed a yak
   155 | D        | Noticed a troll
   155 | D        | Noticed an acid dragon
   155 | D        | Noticed a centaur
   159 | D        | Killed a centaur
   160 | D        | Reached skill level 5 in Maces & Flails
   160 | D        | Reached skill level 7 in Shields
   160 | D        | Reached skill level 5 in Invocations
   160 | D        | Reached XP level 5. HP: 45/46 MP: 8/8
   163 | D        | Killed an acid dragon
   163 | D        | Reached * piety under Cheibriados
   164 | D        | Reached skill level 8 in Shields
   164 | D        | Reached XP level 6. HP: 53/53 MP: 8/10
   167 | D        | Killed a troll
   168 | D        | Reached skill level 9 in Shields
   168 | D        | Reached XP level 7. HP: 56/61 MP: 8/12
   170 | D        | Killed a yak
   170 | D        | Reached ** piety under Cheibriados
   171 | D        | Reached skill level 10 in Shields
   178 | D        | Killed a yak
   179 | D        | Reached XP level 8. HP: 56/70 MP: 10/14
   218 | D        | Noticed a wraith
   218 | D        | Noticed a troll
   218 | D        | Noticed a cyclops
   218 | D        | Noticed a cyclops
   218 | D        | Noticed a vampire
   239 | D        | Killed a vampire
   246 | D        | Killed a cyclops
   246 | D        | Reached *** piety under Cheibriados
   247 | D        | Reached skill level 11 in Shields
   251 | D        | Reached skill level 10 in Invocations
   251 | D        | Reached XP level 9. HP: 22/78 MP: 14/16
   257 | D        | Killed a cyclops
   257 | D        | Reached **** piety under Cheibriados
   258 | D        | Reached skill level 10 in Fighting
   258 | D        | Reached skill level 10 in Armour
   258 | D        | Reached skill level 12 in Shields
   260 | D        | Killed a troll
   816 | D        | Noticed an elephant
   816 | D        | Noticed a black mamba
   819 | D        | Noticed a rime drake
   832 | D        | Reached ***** piety under Cheibriados
   833 | D        | Reached skill level 13 in Shields
   837 | D        | Killed a black mamba
   837 | D        | Noticed a black mamba
   838 | D        | Reached skill level 10 in Maces & Flails
   838 | D        | Killed a black mamba
   838 | D        | Reached ****** piety under Cheibriados
   839 | D        | Reached XP level 10. HP: 70/89 MP: 12/19
   842 | D        | Killed an elephant
   843 | D        | Reached skill level 14 in Shields
   843 | D        | Killed a rime drake
  1137 | D        | Noticed a cane toad
  1137 | D        | Noticed a cane toad
  1145 | D        | Killed a cane toad
  1148 | D        | Killed a cane toad
  1154 | D        | Reached skill level 15 in Shields
  1588 | D        | Reached XP level 11. HP: 75/98 MP: 15/21
  1669 | D        | Noticed Eustachio
  1673 | D        | Killed Eustachio
  1692 | D        | Noticed Harold
  1698 | D        | Killed Harold
  1699 | D        | Reached skill level 1 in Dodging
  1839 | D        | Noticed an orc sorcerer
  1841 | D        | Killed an orc sorcerer
  1893 | D        | Noticed an orc high priest
  1898 | D        | Noticed a sixfirhy
  1898 | D        | Killed an orc high priest
  1899 | D        | Reached skill level 16 in Shields
  1902 | D        | Noticed an orc high priest
  1905 | D        | Killed an orc high priest
  1906 | D        | Noticed an orc knight
  1918 | D        | Killed an orc knight
  2295 | D        | Found Kaxup's Distillery.
  2295 | D        | Noticed an orc knight
  2296 | D        | Noticed an orc knight
  2299 | D        | Noticed an orc knight
  2302 | D        | Noticed an orc knight
  2307 | D        | Killed an orc knight
  2308 | D        | Killed an orc knight
  2309 | D        | Reached skill level 15 in Invocations
  2312 | D        | Killed an orc knight
  2313 | D        | Reached skill level 5 in Dodging
  2313 | D        | Reached XP level 12. HP: 68/108 MP: 8/23
  2313 | D        | Found Asaew's General Store.
  2326 | D        | Reached skill level 1 in Ranged Weapons
  2326 | D        | Reached skill level 17 in Shields
  2341 | D        | Found Tebb's Book Boutique.
  2678 | D        | Found Tifryes's Distillery.
  2735 | D        | Bought a potion of curing for 39 gold pieces
  2735 | D        | Bought a potion of curing for 39 gold pieces
  2735 | D        | Bought a potion of lignification for 39 gold pieces
  2735 | D        | Bought a potion of heal wounds for 65 gold pieces
  2735 | D        | Bought a potion of resistance for 130 gold pieces
  2739 | D        | Bought a scroll of identify for 22 gold pieces
  2741 | D        | Bought a potion of curing for 33 gold pieces
  2741 | D        | Bought a potion of mutation for 88 gold pieces
  2741 | D        | Bought a potion of degeneration for 11 gold pieces
  2741 | D        | Bought a potion of flight for 33 gold pieces
  2741 | D        | Bought a potion of lignification for 33 gold pieces
  2741 | D        | Bought a potion of invisibility for 88 gold pieces
  2921 | D        | Noticed an ice dragon
  2923 | D        | Reached skill level 15 in Fighting
  2923 | D        | Reached skill level 15 in Armour
  2923 | D        | Noticed a deep troll shaman
  2925 | D        | Noticed a rakshasa
  2928 | D        | Noticed a deep troll earth mage
  2937 | D        | Noticed a stone giant
  2944 | D        | Killed an ice dragon
  2946 | D        | Killed a deep troll shaman
  2948 | D        | Killed a rakshasa
  2949 | D        | Reached skill level 5 in Ranged Weapons
  2949 | D        | Reached skill level 18 in Shields
  2950 | D        | Killed a deep troll earth mage
  2955 | D        | Killed a stone giant
  2956 | D        | Reached XP level 13. HP: 63/116 MP: 10/25
  2958 | D        | Noticed a frost giant
  2974 | D        | HP: 2/116 [frost giant/+1 battleaxe of freezing (8)]
  2975 | D        | Mangled by a frost giant

Illustrated notes

Levels and vault maps discovered:
D:        linesprint [early_d, line_temple, items_1, d_10, items_2, lair_1,
          lair_end, items_3, orc_1, orc_end, items_4, d_15, swamp_1, shoals_1,
          snake_1, spider_1, d_20, vaults_1, items_5, swamp_end, shoals_end,
          snake_end, spider_end, vaults_end, d_27, items_6, zot_1, zot_end,
          crypt_end, forest_end, elf_end, slime_end, tomb_end, abyss_end,
          pan_hell_end]

Skill      XL: |  1  2  3  4  5  6  7  8  9 10 11 12 |
---------------+-------------------------------------+-----
Invocations    | 2 3 5 6 7 8 10 12 13 15 16 | 16.5
Fighting       | 4 5 6 7 8 9 11 13 14 15 | 15.6
Armour         | 4 5 6 8 9 11 13 14 15 | 15.6
Maces & Flails | 3 5 6 7 8 10 11 13 14 | 14.2
Shields        | 5 6 7 8 9 10 11 13 15 16 18 | 18.3
Dodging        | 5 7 |  7.5
Ranged Weapons | 5 |  5.5

Action                     |  1- 3 |  4- 6 |  7- 9 | 10-12 | 13-15 || total
---------------------------+-------+-------+-------+-------+-------++-------
  Melee: Flail             |    14 |       |       |       |       ||    14
         Whip              |    31 |     4 |       |       |       ||    35
         Morningstar       |       |    11 |    65 |   116 |       ||   192
         Demon whip        |       |       |       |    26 |    10 ||    36
 Invoke: Slouch            |       |       |     2 |    22 |     1 ||    25
    Use: Potion            |     2 |     1 |     7 |     3 |     2 ||    15
   Stab: Invisible         |       |     5 |     3 |       |       ||     8
 Armour: Scale mail        |     6 |     1 |       |       |       ||     7
         Plate armour      |       |     7 |    25 |    32 |       ||    64
  Dodge: Dodged            |    23 |     9 |    20 |    36 |     4 ||    92
  Block: Buckler           |     9 |     3 |    31 |    51 |     2 ||    96
